 Dungeon Crawl Stone Soup version 0.24.0-29-g8ce449bc06 (webtiles) character file.

Game seed: 6389290553555614827, levelgen mode: deterministic

449621 DildoBatman the Earth Mage (level 25, -46/177 HPs)
             Began as a Formicid Wizard on Nov 14, 2019.
             Was an Initiate of Gozag.
             Blown up by a lich (55 damage)
             ... with an orb of destruction
             ... on level 1 of the Tomb of the Ancients on Nov 15, 2019.
             The game lasted 04:15:10 (50130 turns).

DildoBatman the Earth Mage (Formicid Wizard)       Turns: 50130, Time: 04:15:11

Health: -46/177    AC: 36    Str: 14    XL:     25   Next: 46%
Magic:  8/42       EV: 22    Int: 28    God:    Gozag
Gold:   10708      SH: 13    Dex: 15    Spells: 18/55 levels left

rFire    + . .     SeeInvis +   a - +8 scimitar of Eppuck {slice, Dex+6}
rCold    + + .     Gourm    .   R - +2 shield of Resistance {rF+ rC+ MR+}
rNeg     + + +     Faith    .   o - +4 troll leather armour
rPois    ∞         Spirit   .   (helmet unavailable)
rElec    .         Reflect  .   f - +2 cloak {MR+}
rCorr    .         Harm     .   l - +2 pair of gloves
MR       +++++     Clarity  +   F - +2 pair of boots of the Assassin {Detection Stab+ Stlth++}
Stlth    ++++......             m - amulet "Coucyuv" {RegenMP SInv}
HPRegen  0.79/turn              k - +5 ring of evasion
MPRegen  0.53/turn              j - ring of Robustness {AC+8}

@: lich-form
A: permanent stasis, dig shafts and tunnels, four strong arms, antennae 3, icy
blue scales 1, clarity
}: 2/15 runes: decaying, gossamer
a: Dig, Shaft Self, End Transformation, Potion Petition, Call Merchant, Bribe
Branch, Renounce Religion


You were on level 1 of the Tomb of the Ancients.
You worshipped Gozag.
Gozag was extremely pleased with you.
You were not hungry.
You were a lich.
You visited 10 branches of the dungeon, and saw 43 of its levels.
You visited the Abyss 1 time.
You visited 1 bazaar.
You also visited: Trove and Gauntlet.

You collected 18323 gold pieces.
You spent 3810 gold pieces at shops.
You paid 3805 gold pieces to Gozag.

Inventory:

Hand Weapons
 a - the +8 scimitar of Eppuck (weapon) {slice, Dex+6}
   (You found it on level 14 of the Dungeon)

   It inflicts extra damage upon your enemies.
   It affects your dexterity (+6).
Missiles
 J - 6 throwing nets (quivered)
 T - 18 silver javelins
Armour
 f - a +2 cloak of magic resistance (worn)
 l - a +2 pair of gloves (worn)
 o - a +4 troll leather armour (worn)
 F - the +2 pair of boots of the Assassin (worn) {Detection Stab+ Stlth++}
   (You found it on level 1 of the Vaults)

   It makes you much more stealthy.
 G - a +2 large shield
 R - the +2 shield of Resistance (worn) {rF+ rC+ MR+}
   (You found it on level 9 of the Dungeon)

   It protects you from fire.
   It protects you from cold.
   It affects your resistance to hostile enchantments.
 W - the +0 pair of gloves of the Serpent {Int+5 Slay-5}
   (You found it in a Gauntlet)

   It affects your intelligence (+5).
   It affects your accuracy and damage with ranged weapons and melee attacks
   (-5).
Magical Staves
 b - an uncursed staff of energy
Jewellery
 g - the brooch of Shielding {Reflect SH+8}
   (You took it off a deep elf annihilator on level 3 of the Elven Halls)

   [amulet of reflection]

   It shields you and reflects attacks.
   It affects your SH (+8).
 j - the ring of Robustness (right hand) {AC+8}
   (You bought it in a shop in a bazaar)

   [ring of protection]

   It affects your AC (+8).
 k - a +5 ring of evasion (left hand)
 m - the amulet "Coucyuv" (around neck) {RegenMP SInv}
   (You found it on level 1 of the Crypt)

   [amulet of magic regeneration]

   It increases your magic regeneration.
   It lets you see invisible.
 p - the ring "Gohipeyj" {+Fly rElec rF+ Int+3 SInv}
   (You found it on level 1 of the Crypt)

   [ring of flight]

   It affects your intelligence (+3).
   It protects you from fire.
   It insulates you from electricity.
   It lets you see invisible.
   It lets you fly.
 q - an uncursed ring of magical power
 r - the amulet of the Coward {rElec rPois rC- MR+ Regen+}
   (You found it on level 6 of the Lair of Beasts)

   [amulet of regeneration]

   It makes you vulnerable to cold.
   It insulates you from electricity.
   It protects you from poison.
   It affects your resistance to hostile enchantments.
   It increases your rate of regeneration.
 D - the ring of Galimuf {rPois MP+9 Int+3}
   (You found it on level 1 of the Elven Halls)

   [ring of poison resistance]

   It affects your intelligence (+3).
   It protects you from poison.
   It affects your magic capacity (+9).
 K - an uncursed ring of wizardry
 P - an uncursed ring of resist corrosion
Wands
 y - a wand of clouds (10)
 A - a wand of iceblast (38)
 Q - a wand of acid (39)
Scrolls
 e - a scroll of acquirement
 i - 7 scrolls of amnesia
 n - a scroll of summoning
 t - 4 scrolls of enchant armour
 x - 17 scrolls of remove curse
 z - 16 scrolls of identify
 B - 11 scrolls of fog
 C - 5 scrolls of magic mapping
 Z - 6 scrolls of torment
Potions
 d - a potion of resistance
 h - 9 potions of brilliance
 s - 17 potions of curing
 u - 7 potions of heal wounds
 w - 2 potions of agility
 I - 3 potions of mutation
 L - 10 potions of might
 M - 5 potions of cancellation
 O - 2 potions of invisibility {unknown}
 S - 4 potions of ambrosia
Miscellaneous
 c - a lightning rod (4/4)
 H - a phial of floods
 N - 2 boxes of beasts
 U - a fan of gales
 V - 2 phantom mirrors
 X - a lamp of fire
Comestibles
 v - 44 rations


   Skills:
 - Level 10.0 Fighting
 - Level 10.0 Armour
 - Level 8.0 Dodging
 - Level 2.4 Stealth
 - Level 9.2 Shields
 - Level 15.6 Spellcasting
 - Level 6.0 Conjurations
 - Level 6.1 Charms
 - Level 10.0 Summonings
 - Level 19.0 Necromancy
   Level 0.8 Translocations
 - Level 19.0 Transmutations
 - Level 5.1 Fire Magic
 - Level 6.0 Ice Magic
   Level 5.0 Air Magic
 * Level 19.5 Earth Magic
 - Level 10.2 Evocations


You had 18 spell levels left.
You knew the following spells:

 Your Spells              Type           Power        Failure   Level  Hunger
a - Conjure Flame         Conj/Fire      ######..     1%          3    N/A
b - Borgnjor's Vile Clut  Necr/Erth      ########..   1%          5    N/A
c - Dispel Undead         Necr           ########     1%          5    N/A
d - Necromutation         Tmut/Necr      ########..   8%          8    N/A
e - Regeneration          Chrm/Necr      #######...   1%          3    N/A
f - Bolt of Magma         Conj/Fire/Erth ######....   1%          5    N/A
h - Ozocubu's Armour      Chrm/Ice       ######..     1%          3    N/A
j - Aura of Abjuration    Summ           ######....   1%          5    N/A

Your spell library contained the following spells:

 Spells                   Type           Power        Failure   Level  Hunger
 Animate Skeleton         Necr           N/A          0%          1    N/A
 Beastly Appendage        Tmut           ######       0%          1    N/A
 Pain                     Necr           ####         0%          1    N/A
 Sandblast                Erth           ######       0%          1    N/A
 Passwall                 Tmut/Erth      #######.     0%          2    N/A
 Sticks to Snakes         Tmut           #######.     0%          2    N/A
 Sublimation of Blood     Necr           ########..   0%          2    N/A
 Vampiric Draining        Necr           ########..   0%          3    N/A
 Animate Dead             Necr           N/A          0%          4    N/A
 Petrify                  Tmut/Erth      #######.     0%          4    N/A
 Freeze                   Ice            ####         1%          1    N/A
 Infusion                 Chrm           ####         1%          1    N/A
 Magic Dart               Conj           ####         1%          1    N/A
 Call Imp                 Summ           ######..     1%          2    N/A
 Poisonous Vapours        Pois/Air       #####.       1%          2    N/A
 Searing Ray              Conj           ######       1%          2    N/A
 Shroud of Golubria       Chrm/Tloc      #####.       1%          2    N/A
 Song of Slaying          Chrm           ######..     1%          2    N/A
 Swiftness                Chrm/Air       ######..     1%          2    N/A
 Throw Frost              Conj/Ice       ######       1%          2    N/A
 Ignite Poison            Fire/Tmut/Pois ######..     1%          3    N/A
 Mephitic Cloud           Conj/Pois/Air  #####...     1%          3    N/A
 Spider Form              Tmut/Pois      ######....   1%          3    N/A
 Stone Arrow              Conj/Erth      ######       1%          3    N/A
 Ice Form                 Ice/Tmut       #######.     1%          4    N/A
 Leda's Liquefaction      Hex/Erth       ######....   1%          4    N/A
 Summon Ice Beast         Ice/Summ       ######..     1%          4    N/A
 Summon Lightning Spire   Summ/Air       ######..     1%          4    N/A
 Alistair's Intoxication  Tmut/Pois      ######..     1%          5    N/A
 Blade Hands              Tmut           #######...   1%          5    N/A
 Bolt of Draining         Conj/Necr      #######...   1%          5    N/A
 Excruciating Wounds      Chrm/Necr      #######...   1%          5    N/A
 Irradiate                Conj/Tmut      #######...   1%          5    N/A
 Lee's Rapid Deconstruct  Erth           #######...   1%          5    N/A
 Yara's Violent Unravell  Hex/Tmut       ######....   1%          5    N/A
 Hydra Form               Tmut           #######...   1%          6    N/A
 Statue Form              Tmut/Erth      #######..    1%          6    N/A
 Confusing Touch          Hex            ###...       2%          1    N/A
 Corona                   Hex            ###....      2%          1    N/A
 Dazzling Spray           Conj/Hex       #####.       2%          3    N/A
 Inner Flame              Hex/Fire       #####...     2%          3    N/A
 Spectral Weapon          Hex/Chrm       #####...     2%          3    N/A
 Iskenderun's Mystic Bla  Conj           ######..     2%          4    N/A
 Throw Icicle             Conj/Ice       ######..     2%          4    N/A
 Iron Shot                Conj/Erth      #######...   2%          6    N/A
 Simulacrum               Ice/Necr       #######...   2%          6    N/A
 Slow                     Hex            ###.....     4%          2    N/A
 Gell's Gravitas          Tloc           ####......   5%          3    N/A
 Lesser Beckoning         Tloc           ####......   5%          3    N/A
 Teleport Other           Tloc           ####....     5%          3    N/A
 Force Lance              Conj/Tloc      #####...     6%          4    N/A
 Iskenderun's Battlesphe  Conj/Chrm      ######..     6%          5    N/A
 Haunt                    Necr/Summ      ########..   6%          7    N/A
 Portal Projectile        Hex/Tloc       ###...       7%          3    N/A
 Fulminant Prism          Conj/Hex       #####.....   8%          4    N/A
 Borgnjor's Revivificati  Necr           ########..   8%          8    N/A
 Infestation              Necr           ########..   8%          8    N/A
 Confuse                  Hex            ###.....     9%          3    N/A
 Passage of Golubria      Tloc           N/A          19%         4    N/A
 Metabolic Englaciation   Hex/Ice        #####.....   22%         5    N/A
 Venom Bolt               Conj/Pois      #####.....   22%         5    N/A
 Cause Fear               Hex            ###.......   26%         4    N/A
 Silence                  Hex/Air        #####.....   26%         5    N/A
 Freezing Cloud           Conj/Ice/Air   ######....   36%         6    N/A
 Conjure Ball Lightning   Conj/Air       ######....   38%         6    N/A
 Deflect Missiles         Chrm/Air       ######....   38%         6    N/A
 Spellforged Servitor     Conj/Summ      ######....   63%         7    N/A
 Shatter                  Erth           #######...   65%         9    N/A
 Lehudib's Crystal Spear  Conj/Erth      #######...   67%         8    N/A
 Death's Door             Chrm/Necr      #######...   71%         8    N/A
 Poison Arrow             Conj/Pois      #####.....   75%         6    N/A
 Orb of Destruction       Conj           ######....   88%         7    N/A
 Ring of Flames           Chrm/Fire      ######....   92%         7    N/A
 Darkness                 Hex            ###.......   99%         6    N/A
 Invisibility             Hex            ###.....     99%         6    N/A
 Chain Lightning          Conj/Air       ######....   100%        8    N/A
 Dragon's Call            Summ           ######....   100%        9    N/A
 Fire Storm               Conj/Fire      ######....   100%        9    N/A
 Glaciate                 Conj/Ice       ######....   100%        9    N/A
 Tornado                  Air            ######....   100%        9    N/A
 Blink                    Tloc           Unusable     N/A         2    N/A

Dungeon Overview and Level Annotations

Branches:
Dungeon (15/15)            Temple (1/1) D:7            Lair (6/6) D:10
  Swamp (4/4) Lair:3       Spider (4/4) Lair:4        Slime (0/5) Lair:6
    Orc (2/2) D:12            Elf (3/3) Orc:2        Vaults (4/5) D:13
  Crypt (3/3) Vaults:2       Tomb (1/3) Crypt:3      Depths (0/5) D:15
Gauntlet (visited)

Altars:
Ashenzari
Cheibriados
Dithmenos
Elyvilon
Fedhas
Gozag
Hepliaklqana
Kikubaaqudgha
Makhleb
Nemelex Xobeh
Okawaru
Qazlal
Ru
Sif Muna
Trog
Uskayaw
Vehumet
Wu Jian
Xom
Yredelemnul
Zin
The Shining One
Jiyva

Shops:
D:9 :[[   D:10 :   D:12 =   Orc:2 ?*[:   Elf:1 %   Vaults:2 ((:   Vaults:4 [


Innate Abilities, Weirdness & Mutations

You cannot be hasted, slowed, berserked, paralysed or teleported.
You can dig through walls and to a lower floor.
Your four strong arms can wield two-handed weapons with a shield.
You have a pair of large antennae on your head. (SInv)
You are partially covered in icy blue scales. (AC +2)
You possess an exceptional clarity of mind.


Message History

The lich points at you and mumbles some strange words.
The bolt of lightning hits you!!
The greater mummy becomes distracted by the nearby gold, dreaming of imaginary riches.
You see here 4 gold pieces.
Casting: Necromutation (quite dangerous; 8% risk of failure)
Confirm with . or Enter, or press ? or * to list all spells.
You don't have enough magic to cast that spell.
A mummy priest comes into view.
The greater mummy is no longer distracted by gold.
The mummy priest mumbles some strange prayers to its god against you.
Something smites you!
The lich launches a ball of destructive magic.
An orb of destruction comes into view.
The lich conjures a glowing orb.
The mummy priest calls down the wrath of its god upon you.
Something smites you!
An orb of destruction comes into view.
The orb of destruction hits you!!!! The orb of destruction hits you!!!
You die...

.................................
.................................
........................$........
......................^..$$$.....
........................$$$.⌠.⌠..
...........................(.....
....................L............
...................○.............
................L○☼....MM..8...8.
.................................
........##################.......
........# .8.. ........# { { $..
........# { ........ ........ {
........


You could see a greater mummy and a lich.

Vanquished Creatures
  2 ancient liches
  Khufu (Crypt:2)
  Sojobo (Vaults:4)
  A greater mummy (Crypt:2)
  Saint Roka (Vaults:1)
  Margery (Vaults:4)
  A curse toe (Crypt:3)
  Xtahua (Vaults:2)
  A bone dragon (Crypt:3)
  Jorgrun (D:13)
  Rupert (D:13)
  Asterion (Spider:1)
  2 deep elf master archers (Elf:3)
  2 deep elf blademasters (Elf:3)
  10 ancient champions
  2 tentacled starspawn (Abyss:3)
  5 sphinxes
  3 tengu reavers (Vaults:4)
  Kirke (Lair:4)
  A thorn hunter (Swamp:4)
  Roxanne (Elf:2)
  3 revenants
  2 emperor scorpions (Spider:4)
  4 deep elf sorcerers (Elf:3)
  6 ghost moths
  2 fire giants (Vaults:4)
  Louise (Elf:2)
  A frost giant (Vaults:1)
  11 vault wardens
  A ghoul (Crypt:2)
  6 deep elf elementalists
  2 curse skulls
  An angel (D:11)
  3 draconian shifters (Crypt:1)
  6 ironheart preservers
  A draconian annihilator (Crypt:1)
  A very ugly thing (Swamp:3)
  3 stone giants
  The ghost of havocjr3 the Nimble, a journeyman GnGl of Vehumet (Lair:6)
  Nessos (D:13)
  2 bennus (Tomb:1)
  6 caustic shrike skeletons (Crypt:3)
  A reaper (Gauntlet)
  3 entropy weavers
  4 vampire knights
  Azrael (D:13)
  6 deep elf demonologists
  9 deep elf annihilators
  A spark wasp (Spider:4)
  A minotaur (Gauntlet)
  A spark wasp (shapeshifter) (Vaults:3)
  A dire elephant (Lair:6)
  An ettin (Vaults:4)
  The ghost of Luuwnalu the Nimble, a journeyman KoHu of Okawaru (Lair:3)
  9 deep elf death magi
  2 eidola (Crypt:3)
  Snorg (D:13)
  Josephine (D:13)
  2 blizzard demons (Abyss:3)
  9 jiangshi
  A fire dragon (Vaults:1)
  7 yaktaur captains
  Erolcha (D:9)
  3 great orbs of eyes
  2 deep elf high priests
  2 quicksilver dragon zombies (Crypt:2)
  A merfolk impaler (Abyss:3)
  2 rakshasas
  11 vault guards
  Fannar (Lair:3)
  2 spriggan air magi (Crypt:1)
  5 ice dragons
  20 hydras
  2 quicksilver dragon skeletons (Crypt:3)
  2 catoblepae (Lair:6)
  4 shambling mangroves
  7 centaur warriors
  Erica (D:8)
  17 alligators
  8 death scarabs (Spider:4)
  33 two-headed ogres
  A death knight (Vaults:1)
  2 titan zombies (Crypt:2)
  12 ogre magi
  4 orc high priests (Orc:2)
  3 vampire magi
  6 death yaks
  3 deep troll earth magi
  2 titan skeletons
  A fire crab (shapeshifter) (Vaults:4)
  18 deep elf knights
  Nergalle (Orc:1)
  5 soul eaters (Crypt:1)
  A spectral emperor scorpion (Spider:4)
  3 unseen horrors
  An anaconda zombie (Crypt:2)
  6 hell knights
  3 shadow wraiths
  38 skeletal warriors
  9 flayed ghosts
  A storm dragon skeleton (Crypt:2)
  A death drake (shapeshifter) (Vaults:4)
  An unseen horror (shapeshifter) (Vaults:2)
  7 spriggan druids
  A glowing orange brain (D:15)
  3 phantasmal warriors
  7 deep trolls
  9 swamp dragons
  17 deep elf archers
  12 ironbrand convokers
  12 orc knights
  67 deep elf magi
  5 orc sorcerers
  2 lindwurms (Lair:6)
  A shadow dragon zombie (Crypt:2)
  2 starcursed masses (Abyss:3)
  Pikel (D:4)
  A harpy (shapeshifter) (Vaults:1)
  6 orb spiders
  A golden dragon skeleton (Crypt:3)
  3 necromancers
  5 wolf spider zombies
  3 shadow dragon skeletons
  A spectral wolf spider (Spider:4)
  23 wolf spiders
  35 ugly things
  An orb spider (shapeshifter) (Vaults:3)
  A fire giant zombie (Crypt:2)
  A frost giant zombie (Vaults:1)
  4 manticores
  4 cyclopes
  A moth of wrath (Spider:4)
  An elephant (shapeshifter) (D:14)
  A dire elephant zombie (Crypt:2)
  12 elephants
  An apocalypse crab (Abyss:3)
  A black mamba (shapeshifter) (Vaults:3)
  15 vault sentinels
  A rust devil (Abyss:3)
  3 frost giant skeletons
  4 black mambas
  2 smoke demons (Abyss:3)
  An ice statue (D:11)
  Maurice (D:8)
  A dire elephant skeleton (Crypt:2)
  A spiny frog (shapeshifter) (D:13)
  14 spiny frogs
  5 torpor snails (Lair:6)
  7 large abominations (Abyss:3)
  2 kobold demonologists
  2 spectral redbacks (Spider:4)
  2 redback zombies (Spider:4)
  A rime drake (Lair:3)
  4 hydra zombies
  8 demonic crawlers
  An elf (Vaults:3)
  5 freezing wraiths
  12 komodo dragons
  A yaktaur (shapeshifter) (Elf:2)
  42 yaktaurs
  13 trolls
  A guardian mummy (Tomb:1)
  A hellwing (Gauntlet)
  A silent spectre (Crypt:1)
  A green draconian skeleton (Crypt:1)
  A hornet (shapeshifter) (Vaults:4)
  2 meliai (shapeshifter)
  4 red devils (Elf:1)
  23 jumping spiders
  A jumping spider (shapeshifter) (Elf:1)
  A polar bear (shapeshifter) (Vaults:4)
  A queen bee (Gauntlet)
  2 harpy skeletons
  12 tyrant leeches
  4 hydra skeletons
  9 dream sheep
  15 slime creatures
  4 spectral jumping spiders (Spider:4)
  Grinder (D:4)
  A blink frog (shapeshifter) (Vaults:2)
  9 bog bodies
  29 hornets
  Prince Ribbit (D:8)
  6 hippogriffs
  An ice dragon zombie (D:14)
  2 tarantella zombies (Spider:4)
  3 spectral tarantellas (Spider:4)
  A fire dragon zombie (Crypt:2)
  A hippogriff (shapeshifter) (D:15)
  5 raiju (Abyss:3)
  2 jumping spider zombies (Spider:4)
  An ettin zombie (Tomb:1)
  6 blink frogs
  A fire dragon skeleton (Crypt:3)
  A black mamba zombie (Lair:3)
  59 redbacks
  2 air elementals
  9 flying skulls
  7 small abominations (Abyss:3)
  An ettin skeleton (Crypt:3)
  3 vampires
  11 spriggans
  2 spriggans (shapeshifter)
  4 wyverns
  13 wraiths
  3 fire bats
  4 shadows
  An alligator skeleton (Crypt:3)
  3 ice dragon skeletons (Crypt:2)
  37 tarantellas
  3 ynoxinuls (Abyss:3)
  4 black mamba skeletons
  A wind drake zombie (Crypt:3)
  4 basilisks
  12 yaks
  A yak (shapeshifter) (Vaults:1)
  A neqoxec (Abyss:3)
  3 fire elementals
  17 humans
  A human (shapeshifter) (Vaults:2)
  3 hungry ghosts
  3 hogs (Lair:4)
  A steam dragon (D:12)
  A basilisk (shapeshifter) (D:15)
  5 chaos spawn (Abyss:3)
  14 vampire mosquitoes
  9 swamp worms
  19 insubstantial wisps
  2 elf zombies
  An ogre zombie (Vaults:1)
  A swamp worm (shapeshifter) (Vaults:3)
  4 wargs
  2 hell hounds
  4 acid dragons
  3 spiny frog zombies
  2 soldier ants (D:8)
  Duvessa (D:4)
  15 water moccasins
  4 ice beasts
  10 porcupines
  6 sky beasts
  11 swamp drakes
  29 orc warriors
  A blink frog zombie (Lair:3)
  2 eyes of draining
  3 phantoms
  3 slaves (D:4)
  2 spectral hornets (Spider:4)
  3 spiny frog skeletons
  A fire dragon simulacrum (Tomb:1)
  A hornet zombie (D:14)
  A manticore zombie (Crypt:2)
  2 necrophages
  2 black bears
  An eye of draining (shapeshifter) (Vaults:1)
  2 swamp dragon skeletons (Crypt:2)
  5 boggarts (Vaults:2)
  28 ogres
  A wolf (shapeshifter) (Abyss:3)
  A snapping turtle skeleton (Crypt:3)
  23 wolves
  A manticore skeleton (Crypt:2)
  12 centaurs
  An elephant skeleton (Crypt:3)
  A torpor snail zombie (Lair:3)
  8 crocodiles
  A hippogriff zombie (Lair:3)
  A lindwurm skeleton (Crypt:3)
  A bullfrog (shapeshifter) (Abyss:3)
  Blork the orc (D:4)
  12 bullfrogs
  3 wyvern zombies
  A komodo dragon skeleton (Lair:6)
  2 earth elementals (Elf:2)
  A hippogriff skeleton (Crypt:2)
  A water moccasin zombie (Lair:3)
  A yaktaur skeleton (Crypt:3)
  A troll zombie (D:15)
  A warg zombie (Crypt:2)
  A scorpion (D:11)
  Dowan (D:4)
  A cyclops skeleton (D:15)
  A warg skeleton (Crypt:2)
  A water moccasin skeleton (Crypt:3)
  12 killer bees
  24 wights
  3 electric eels
  3 howler monkeys
  10 crimson imps
  11 jellies
  3 centaur zombies
  2 human simulacra
  3 quasits
  4 human zombies
  33 orc priests
  A basilisk zombie (Lair:3)
  4 hounds
  4 human skeletons
  3 bullfrog skeletons
  6 centaur skeletons
  Jessica (D:3)
  9 iguanas
  A demonspawn skeleton (Crypt:3)
  2 hell rats (Lair:6)
  A kobold skeleton (D:15)
  26 orc wizards
  13 worker ants
  Natasha (thrice) (D:4)
  A porcupine zombie (Crypt:2)
  2 lightning spires (Abyss:3)
  A killer bee zombie (D:7)
  3 crocodile zombies
  A big kobold skeleton (Crypt:1)
  An acid dragon skeleton (Crypt:3)
  2 hound zombies
  3 hound skeletons
  13 mummies
  A worker ant zombie (D:6)
  4 gnolls (D:6)
  2 gnolls (shapeshifter) (Abyss:3)
  9 adders
  A howler monkey skeleton (Crypt:2)
  8 river rats (Lair:6)
  5 shadow imps
  An ufetubus (Abyss:3)
  An adder zombie (D:15)
  2 halfling skeletons
  An iguana zombie (D:15)
  3 orc zombies (D:14)
  A worm zombie (D:14)
  3 adder skeletons
  3 worms
  2 orc skeletons
  3 leopard geckos
  An orc (shapeshifter) (Abyss:3)
  85 orcs
  4 spectral bats (Abyss:3)
  2 ball pythons
  2 bat simulacra (Abyss:3)
  A giant cockroach (shapeshifter) (Abyss:3)
  8 giant cockroaches
  10 goblins
  A hobgoblin (shapeshifter) (Abyss:3)
  18 hobgoblins
  20 jackals
  8 kobolds
  6 quokkas
  2 ball pythons (shapeshifter) (Abyss:3)
  A bat (shapeshifter) (Abyss:3)
  9 bats
  A frilled lizard (shapeshifter) (Abyss:3)
  3 frilled lizards
  2 giant cockroach zombies
  A goblin skeleton (Crypt:3)
  2 kobolds (shapeshifter) (Abyss:3)
  A kobold zombie (D:15)
  4 leopard gecko skeletons
  10 rats
  A lurking horror (Abyss:3)
  A plant (Lair:6)
  2 starspawn tentacles (Abyss:3)
1924 creatures vanquished.

Vanquished Creatures (collateral kills)
  A vault guard (Vaults:3)
  A deep troll (Vaults:3)
  A necromancer (Crypt:1)
  A hornet (Lair:6)
  A redback (Spider:1)
  An orc warrior (Vaults:3)
  A centaur (Vaults:3)
  2 orcs (Vaults:3)
9 creatures vanquished.

Vanquished Creatures (others)
  30 dancing weapons
  A two-headed ogre (D:13)
  A deep elf knight (Elf:1)
  A deep elf mage (Elf:3)
  An orb spider (Spider:4)
  2 tarantellas (Spider:4)
  A spriggan (Swamp:4)
  A human (Crypt:1)
  A slave (D:4)
  An ogre (Vaults:3)
  2 centaurs
  2 electric eels (Lair:5)
  A worker ant (D:13)
  15 demonic plants (Gauntlet)
  15 fungi
  4 plants
  4 starspawn tentacles (Abyss:3)
83 creatures vanquished.

Grand Total: 2016 creatures vanquished

Notes
Turn   | Place    | Note
-------+----------+-------------------------------------------
     0 | D:1      | DildoBatman the Formicid Wizard began the quest for the
                  | Orb.
     0 | D:1      | Reached XP level 1. HP: 13/13 MP: 4/4
     6 | D:1      | Reached skill level 1 in Conjurations
   290 | D:1      | Reached XP level 2. HP: 12/19 MP: 0/6
   669 | D:1      | Reached XP level 3. HP: 24/24 MP: 7/7
   674 | D:1      | Learned a level 3 spell: Conjure Flame
   678 | D:1      | Learned a level 3 spell: Mephitic Cloud
  1162 | D:2      | Reached XP level 4. HP: 7/30 MP: 0/8
  1652 | D:3      | Reached XP level 5. HP: 24/35 MP: 7/9
  1669 | D:3      | Noticed Jessica
  2173 | D:4      | Noticed a phantom
  2252 | D:4      | Noticed Grinder
  2541 | D:4      | Reached skill level 5 in Conjurations
  2541 | D:4      | Reached XP level 6. HP: 32/41 MP: 6/10
  2807 | D:4      | Noticed a phantom
  2861 | D:4      | Noticed Duvessa
  2861 | D:4      | Noticed Dowan
  3044 | D:4      | Noticed Pikel
  3055 | D:4      | Noticed a slave
  3057 | D:5      | Entered Level 5 of the Dungeon
  3060 | D:4      | Noticed a slave
  3076 | D:4      | Noticed a slave
  3114 | D:4      | Killed a slave
  3397 | D:5      | Got a fine chain mail
  3461 | D:5      | Reached XP level 7. HP: 46/46 MP: 7/11
  3522 | D:4      | Found a hazy altar of Hepliaklqana.
  3539 | D:4      | Noticed Blork the orc
  3759 | D:5      | Found a burning altar of Makhleb.
  3869 | D:5      | Identified the +1 chain mail of Experimentation {rElec
                  | Regen+ Stlth+} (You found it on level 5 of the Dungeon)
  3879 | D:6      | Reached skill level 1 in Fire Magic
  3879 | D:6      | Reached skill level 1 in Air Magic
  4396 | D:6      | Reached XP level 8. HP: 23/52 MP: 6/12
  5114 | D:6      | Reached skill level 5 in Fire Magic
  5298 | D:7      | Found a shimmering altar of Xom.
  5440 | D:5      | Found a stormy altar of Qazlal.
  5755 | D:7      | Found a staircase to the Ecumenical Temple.
  5759 | Temple   | Entered the Ecumenical Temple
  5840 | Temple   | Became a worshipper of Kikubaaqudgha
  5861 | Temple   | Reached XP level 9. HP: 45/57 MP: 4/13
  6126 | D:7      | Reached skill level 5 in Air Magic
  6307 | D:7      | Found a basalt altar of Yredelemnul.
  6596 | D:6      | Reached skill level 5 in Spellcasting
  7058 | D:4      | Killed Pikel
  7150 | D:4      | Killed Grinder
  7150 | D:4      | Reached skill level 1 in Fighting
  7150 | D:4      | Reached skill level 1 in Armour
  7150 | D:4      | Reached skill level 1 in Necromancy
  7150 | D:4      | Reached XP level 10. HP: 47/65 MP: 12/21
  7224 | D:4      | Killed Dowan
  7235 | D:4      | Killed Duvessa
  7303 | D:4      | Noticed Natasha
  7308 | D:4      | Killed Natasha
  7308 | D:4      | Reached * piety under Kikubaaqudgha
  7308 | D:4      | Identified Kikubaaqudgha's Collected Works on Dark Rituals
                  | (Kikubaaqudgha gifted it to you on level 4 of the Dungeon)
  7308 | D:4      | Received a gift from Kikubaaqudgha
  7313 | D:4      | Learned a level 2 spell: Sublimation of Blood
  7317 | D:4      | Learned a level 3 spell: Regeneration
  7379 | D:4      | Killed Blork the orc
  7449 | D:4      | Noticed Natasha
  7455 | D:4      | Killed Natasha
  7455 | D:4      | Reached skill level 1 in Charms
  7474 | D:4      | Noticed Natasha
  7484 | D:4      | Killed Natasha
  7604 | D:3      | Killed Jessica
  8146 | D:8      | Noticed Prince Ribbit
  8161 | D:8      | Killed Prince Ribbit
  8254 | D:8      | Noticed Erica
  8275 | D:8      | Killed Erica
  8275 | D:8      | Reached skill level 5 in Necromancy
  8408 | D:8      | Found an opulent altar of Gozag.
  8521 | D:8      | Noticed Maurice
  8540 | D:8      | Killed Maurice
  8635 | D:8      | Found a sparkling altar of Nemelex Xobeh.
  9063 | D:9      | Reached ** piety under Kikubaaqudgha
  9071 | D:9      | Reached XP level 11. HP: 47/72 MP: 8/22
  9168 | D:9      | Found Orrur's Armour Emporium.
  9257 | D:9      | Got a translucent short sword
  9269 | D:9      | Identified the +8 short sword of Certain Death {pierce,
                  | rC+} (You found it on level 9 of the Dungeon)
  9375 | D:9      | Found Efeydaep's Book Shop.
  9383 | D:9      | Noticed Erolcha
  9409 | D:9      | Killed Erolcha
  9445 | D:9      | Found a shadowy altar of Dithmenos.
  9544 | D:9      | Got a smoking robe
  9555 | D:9      | Identified the +1 robe "Imug" {rF+ Str+4 Dex+3} (You found
                  | it on level 9 of the Dungeon)
  9616 | D:10     | Entered Level 10 of the Dungeon
  9741 | D:10     | Noticed a two-headed ogre
  9760 | D:10     | Killed a two-headed ogre
  9831 | D:11     | Noticed a purple ugly thing
  9857 | D:11     | Killed a purple ugly thing
  9895 | D:11     | Found a glowing silver altar of Zin.
  9895 | D:11     | Found a runed translucent door.
  9895 | D:11     | Noticed an angel
 10204 | D:11     | Found a burning altar of Makhleb.
 10384 | D:11     | Found a bloodstained altar of Trog.
 10611 | D:10     | Noticed an unseen horror
 10614 | D:10     | Noticed an unseen horror
 10632 | D:10     | Killed an unseen horror
 10636 | D:10     | Killed an unseen horror
 10652 | D:10     | Reached XP level 12. HP: 79/85 MP: 8/23
 10723 | D:10     | Reached skill level 5 in Fighting
 10723 | D:10     | Reached skill level 5 in Armour
 10734 | D:10     | Found a staircase to the Lair.
 11045 | D:9      | Found the +2 shield of Resistance {rF+ rC+ MR+}
 11102 | D:9      | Found Japnudgh's Antique Armour Shoppe.
 11244 | D:9      | Reached skill level 1 in Shields
 11321 | D:12     | Found Jacikk's Jewellery Emporium.
 11409 | D:12     | Reached *** piety under Kikubaaqudgha
 11409 | D:12     | Identified Kikubaaqudgha's Disquisition on Dark Arts
                  | (Kikubaaqudgha gifted it to you on level 12 of the Dungeon)
 11409 | D:12     | Received a gift from Kikubaaqudgha
 11419 | D:12     | Learned a level 5 spell: Dispel Undead
 11425 | D:12     | Learned a level 5 spell: Bolt of Draining
 11444 | D:12     | Found a gate leading to a gauntlet.
 11448 | D:12     | Reached skill level 5 in Shields
 11657 | Gauntlet | Entered a Gauntlet
 11657 | Gauntlet | Found a transporter.
 11667 | Gauntlet | Found a transporter.
 11683 | Gauntlet | Found a transporter.
 11688 | Gauntlet | Found a transporter.
 11705 | Gauntlet | Found a transporter.
 11706 | Gauntlet | Noticed a swamp dragon
 11706 | Gauntlet | a moth of wrath changed into a swamp dragon
 11708 | Gauntlet | Noticed a two-headed ogre
 11708 | Gauntlet | a swamp dragon changed into a two-headed ogre
 11716 | Gauntlet | a two-headed ogre changed into a manticore
 11722 | Gauntlet | Found a transporter.
 11722 | Gauntlet | Noticed a blizzard demon
 11734 | Gauntlet | Found a transporter.
 11740 | Gauntlet | Found a transporter.
 11745 | Gauntlet | Noticed a death drake
 11752 | Gauntlet | Noticed a sixfirhy
 11754 | Gauntlet | Noticed a sixfirhy
 11755 | Gauntlet | Found a transporter.
 11756 | Gauntlet | Noticed a sixfirhy
 11758 | Gauntlet | Found the +8 autumn katana {slice, Clar}
 11767 | Gauntlet | Found a transporter.
 11767 | Gauntlet | Noticed a reaper
 11777 | Gauntlet | Noticed a hell beast
 11779 | Gauntlet | Found a transporter.
 11796 | Gauntlet | Found a transporter.
 11813 | Gauntlet | Found a transporter.
 11815 | Gauntlet | Found a transporter.
 11860 | Gauntlet | Found a transporter.
 11906 | Gauntlet | Noticed an alligator
 11906 | Gauntlet | a wolf spider changed into an alligator
 11917 | Gauntlet | Noticed a glowing orange brain
 11917 | Gauntlet | a merfolk changed into a glowing orange brain
 11968 | Gauntlet | Found a transporter.
 11970 | Gauntlet | Found a transporter.
 12002 | Gauntlet | Found a transporter.
 12033 | Gauntlet | Noticed a two-headed ogre
 12037 | Gauntlet | Noticed an ettin
 12048 | Gauntlet | Noticed a great orb of eyes
 12048 | Gauntlet | an ettin changed into a great orb of eyes
 12299 | Gauntlet | Killed a reaper
 12315 | Gauntlet | Got a pair of pitted gloves
 12328 | Gauntlet | Identified the +0 pair of gloves of the Serpent {Int+5
                  | Slay-5} (You found it in a Gauntlet)
 12363 | Gauntlet | Noticed a minotaur
 12379 | Gauntlet | Killed a minotaur
 12397 | Gauntlet | Got a jewelled long sword
 12401 | D:12     | Identified the +3 long sword of Qosk {slice, +Fly rElec}
                  | (You found it in a Gauntlet)
 12463 | D:12     | Reached skill level 5 in Dodging
 12723 | D:12     | Found a staircase to the Orcish Mines.
 12918 | Orc:1    | Entered Level 1 of the Orcish Mines
 12947 | Orc:1    | Reached **** piety under Kikubaaqudgha
 13138 | Orc:1    | Noticed a soul eater
 13161 | Orc:1    | Reached XP level 13. HP: 93/93 MP: 22/24
 13233 | Orc:1    | Noticed Nergalle
 13304 | Orc:1    | Killed Nergalle
 13726 | Orc:2    | Entered Level 2 of the Orcish Mines
 13726 | Orc:2    | Found a staircase to the Elven Halls.
 14053 | Orc:2    | Reached ***** piety under Kikubaaqudgha
 14166 | Orc:2    | Found Taliat's Assorted Antiques.
 14166 | Orc:2    | Found Ceuvar's Book Shoppe.
 14166 | Orc:2    | Found Gepseisu's Antique Armour Shoppe.
 14171 | Orc:2    | Found Uvaoph's Magic Scroll Emporium.
 14188 | Orc:2    | Bought a scroll labeled NOCVEA EFUA for 26 gold pieces
 14188 | Orc:2    | Bought a scroll labeled MOABBA AHOMO for 26 gold pieces
 14642 | Lair:1   | Entered Level 1 of the Lair of Beasts
 15292 | Lair:2   | Reached XP level 14. HP: 108/108 MP: 22/25
 16065 | Lair:3   | You fall into a shaft and drop 3 floors!
 16065 | Lair:6   | Entered Level 6 of the Lair of Beasts
 16251 | Lair:5   | Reached skill level 10 in Fighting
 16251 | Lair:5   | Reached skill level 10 in Armour
 17215 | Lair:4   | Reached skill level 10 in Spellcasting
 17367 | Lair:4   | Reached ****** piety under Kikubaaqudgha
 17449 | D:10     | Received a gift from Kikubaaqudgha
 17454 | D:10     | Fell from the grace of Kikubaaqudgha
 17517 | D:8      | Became a worshipper of Gozag Ym Sagoz the Greedy
 17580 | D:12     | Bought an uncursed amulet of magic regeneration for 450
                  | gold pieces
 17637 | Orc:2    | Bought a scroll of identify for 22 gold pieces
 17637 | Orc:2    | Bought a scroll of identify for 22 gold pieces
 17637 | Orc:2    | Bought a scroll of identify for 22 gold pieces
 17638 | Orc:2    | Bought a scroll of identify for 52 gold pieces
 17889 | Lair:3   | Noticed Fannar
 17903 | Lair:3   | Killed Fannar
 17955 | Lair:3   | Found a staircase to the Swamp.
 18010 | Lair:3   | Found a runed translucent door.
 18010 | Lair:3   | Found a shimmering altar of Xom.
 18010 | Lair:3   | Noticed Luuwnalu's ghost (journeyman KoHu)
 18579 | Lair:4   | Learned a level 3 spell: Ozocubu's Armour
 18722 | Lair:4   | Found a hole to the Spider Nest.
 18763 | Lair:4   | Reached skill level 1 in Ice Magic
 19196 | Lair:6   | Reached skill level 5 in Charms
 19448 | Lair:6   | Found a runed translucent door.
 19448 | Lair:6   | Noticed havocjr3's ghost (journeyman GnGl)
 19667 | Lair:6   | Reached XP level 15. HP: 88/112 MP: 20/30
 19707 | Lair:6   | Found a viscous altar of Jiyva.
 19707 | Lair:6   | Found a staircase to the Slime Pits.
 19779 | Lair:6   | Found a runed translucent door.
 20384 | Lair:6   | Killed havocjr3's ghost
 20511 | Lair:6   | Reached skill level 10 in Necromancy
 20682 | Lair:6   | Got a slimy pewter amulet
 20736 | Lair:6   | Identified Ricimaha's Almanac of Confrontation
 20805 | Lair:6   | Identified the amulet of the Coward {rElec rPois rC- MR+
                  | Regen+} (You found it on level 6 of the Lair of Beasts)
 20810 | Lair:6   | Identified a scroll of acquirement
 20942 | Lair:4   | Reached skill level 5 in Ice Magic
 21062 | Lair:3   | Killed Luuwnalu's ghost
 21247 | D:13     | Noticed Rupert
 21262 | D:13     | Noticed Snorg
 21264 | D:13     | Noticed a reaper
 21266 | D:13     | Killed Snorg
 21269 | D:13     | You fall into a shaft and drop 2 floors!
 21269 | D:15     | Entered Level 15 of the Dungeon
 21390 | D:15     | Found a basalt altar of Yredelemnul.
 22354 | D:14     | Got a fine scimitar
 22425 | D:14     | Identified the +8 scimitar of Eppuck {slice, Dex+6} (You
                  | found it on level 14 of the Dungeon)
 22599 | D:14     | Reached XP level 16. HP: 98/115 MP: 6/32
 23325 | D:14     | Was forgiven by Kikubaaqudgha
 23434 | D:13     | Found a gate to the Vaults.
 23435 | D:13     | Noticed Nessos
 23610 | D:14     | Gained mutation: Your flesh is heat resistant. (rF+)
                  | [potion of mutation]
 23610 | D:14     | Gained mutation: You are clumsy. (Dex -2) [potion of
                  | mutation]
 23610 | D:14     | Gained mutation: Potions are less effective at restoring
                  | your health. [potion of mutation]
 23610 | D:14     | Gained mutation: Your mind is acute. (Int +2) [potion of
                  | mutation]
 23742 | D:13     | Noticed Josephine
 23808 | D:13     | Killed Nessos
 23810 | D:13     | Killed Rupert
 23878 | D:13     | Noticed Azrael
 23986 | D:13     | Noticed Jorgrun
 23997 | D:13     | Killed Jorgrun
 24116 | D:13     | Killed Azrael
 24265 | D:13     | Identified the +3 rapier of Gobouham {pierce, rF+}
 24269 | D:13     | Killed Josephine
 24719 | D:13     | Lost mutation: You are clumsy. (Dex -2) [potion of
                  | mutation]
 24719 | D:13     | Lost mutation: Your mind is acute. (Int +2) [potion of
                  | mutation]
 24719 | D:13     | Lost mutation: Potions are less effective at restoring your
                  | health. [potion of mutation]
 24719 | D:13     | Lost mutation: Your flesh is heat resistant. (rF+) [potion
                  | of mutation]
 24719 | D:13     | Gained mutation: Your body sometimes deteriorates upon
                  | taking damage. [potion of mutation]
 24719 | D:13     | Gained mutation: Your flesh is heat resistant. (rF+)
                  | [potion of mutation]
 24830 | Swamp:1  | Entered Level 1 of the Swamp
 25002 | Spider:1 | Entered Level 1 of the Spider Nest
 25002 | Spider:1 | Noticed Asterion
 25050 | Spider:1 | Killed Asterion
 25069 | Spider:1 | Reached skill level 15 in Spellcasting
 25176 | Spider:1 | Noticed Kirke
 25218 | Lair:4   | Reached XP level 17. HP: 73/128 MP: 18/36
 26266 | Spider:2 | Learned a level 5 spell: Bolt of Magma
 26275 | Spider:2 | Learned a level 8 spell: Necromutation
 26401 | Spider:3 | Reached skill level 1 in Earth Magic
 27038 | Spider:4 | Entered Level 4 of the Spider Nest
 27122 | Spider:4 | Reached skill level 5 in Earth Magic
 27594 | Spider:4 | Reached XP level 18. HP: 47/134 MP: 1/37
 27615 | Spider:4 | Reached skill level 15 in Necromancy
 28046 | Spider:4 | Got a gossamer rune of Zot
 28372 | Lair:4   | Killed Kirke
 28809 | Swamp:1  | Reached skill level 10 in Earth Magic
 30923 | Swamp:4  | Entered Level 4 of the Swamp
 31323 | Swamp:4  | Reached XP level 19. HP: 140/140 MP: 12/38
 31918 | Swamp:4  | Got a decaying rune of Zot
 32406 | D:15     | Found a staircase to the Depths.
 32474 | Vaults:1 | Entered Level 1 of the Vaults
 32995 | Vaults:1 | Reached skill level 1 in Transmutations
 33230 | Vaults:1 | Got a crude ring mail
 33241 | Vaults:1 | Identified the cursed +1 ring mail of the Scribe {-Cast
                  | rElec Str+2 Int+9} (You found it on level 1 of the Vaults)
 33590 | Vaults:1 | Got a steaming long sword
 33686 | Vaults:1 | Reached skill level 5 in Transmutations
 33686 | Vaults:1 | Reached XP level 20. HP: 147/147 MP: 12/39
 34477 | Vaults:1 | Found the +2 pair of boots of the Assassin {Detection Stab+
                  | Stlth++}
 34570 | Vaults:1 | Identified the cursed +1 long sword of Discord {flame,
                  | rElec rN+ Dex+2} (You found it on level 1 of the Vaults)
 34724 | Vaults:2 | Found Bistecwi's Book Emporium.
 35008 | Vaults:2 | Identified the cursed +1 scimitar "Yllycs" {protect,
                  | *Corrode rElec rC- Stlth+}
 35115 | Vaults:2 | Noticed Saint Roka
 35316 | Vaults:2 | Reached skill level 10 in Transmutations
 35394 | Vaults:2 | Found Hishafru's Weapon Emporium.
 35521 | Vaults:1 | Killed Saint Roka
 35742 | Vaults:2 | Noticed Xtahua
 35751 | Vaults:2 | Killed Xtahua
 35860 | Vaults:2 | Found an ancient bone altar of Kikubaaqudgha.
 35861 | Vaults:2 | Found a staircase to the Crypt.
 35862 | Vaults:2 | Found a basalt altar of Yredelemnul.
 35971 | Vaults:2 | Found Gouzao Johi's Weapon Boutique.
 37066 | Vaults:3 | Reached XP level 21. HP: 55/153 MP: 14/40
 37351 | Vaults:3 | Found a flickering gateway to a bazaar.
 37356 | Bazaar   | Entered a bazaar
 37356 | Bazaar   | Found Ypie's Food Emporium.
 37366 | Bazaar   | Found Lyfeb's Jewellery Shop.
 37393 | Bazaar   | Found Eloprelo's Jewellery Shoppe.
 37406 | Bazaar   | Found Lethen's Armour Emporium.
 37416 | Bazaar   | Bought a +2 cloak of magic resistance for 430 gold pieces
 37481 | Bazaar   | Bought the ring of Robustness {AC+8} for 896 gold pieces
 37481 | Bazaar   | Found the ring of Robustness {AC+8}
 37671 | Vaults:3 | Got a polished ring mail
 37713 | Vaults:3 | Identified the cursed +0 ring mail of Limited Liability
                  | {rElec rCorr Stlth-} (You found it on level 3 of the
                  | Vaults)
 37730 | Vaults:3 | Found a portal to a secret trove of treasure.
 39091 | Crypt:1  | Entered Level 1 of the Crypt
 39196 | Vaults:3 | You paid a toll of a +8 demon whip to enter a treasure
                  | trove
 39197 | Trove    | Entered a treasure trove
 39211 | Trove    | Got a warped shortbow
 39219 | Trove    | Got a smoking longbow
 39221 | Trove    | Got an ebony hand axe
 39254 | Vaults:3 | Identified the +7 shortbow of Saltpetre {freeze, Str+3}
                  | (You found it in a treasure trove)
 39258 | Vaults:3 | Identified the +4 longbow "Gushuapa" {speed, +Blink rF+++
                  | Str-4 Int-4} (You found it in a treasure trove)
 39261 | Vaults:3 | Identified the +5 hand axe "Pigubef" {chop, Fragile rPois
                  | rF+ rC+++} (You found it in a treasure trove)
 39399 | Vaults:4 | Found Osaibb's Armour Emporium.
 39429 | Vaults:4 | Noticed Margery
 39447 | Vaults:4 | Killed Margery
 39447 | Vaults:4 | Reached skill level 15 in Transmutations
 39916 | Vaults:4 | Noticed Sojobo
 40029 | Vaults:4 | Killed Sojobo
 40261 | Vaults:4 | Reached XP level 22. HP: 159/159 MP: 35/41
 40275 | Vaults:4 | Found a white marble altar of Elyvilon.
 41169 | Vaults:1 | Lost mutation: Your body sometimes deteriorates upon taking
                  | damage. [potion of mutation]
 41169 | Vaults:1 | Lost mutation: Your flesh is heat resistant. (rF+) [potion
                  | of mutation]
 41169 | Vaults:1 | Gained mutation: You possess an exceptional clarity of
                  | mind. [potion of mutation]
 41169 | Vaults:1 | Gained mutation: You are partially covered in icy blue
                  | scales. (AC +2) [potion of mutation]
 41365 | Orc:2    | Bought a scroll of immolation for 38 gold pieces
 41365 | Orc:2    | Bought a scroll of amnesia for 38 gold pieces
 41365 | Orc:2    | Bought a scroll of enchant armour for 82 gold pieces
 41366 | Orc:2    | Bought 2 potions of brilliance for 208 gold pieces
 41465 | D:9      | Bought a pair of glowing boots for 232 gold pieces
 41627 | Vaults:2 | Bought the Catalogue of the Glacier and Darkness for 1266
                  | gold pieces
 41633 | Vaults:2 | Learned a level 5 spell: Borgnjor's Vile Clutch
 41773 | Elf:1    | Entered Level 1 of the Elven Halls
 41952 | Elf:1    | Got a crude amber ring
 41954 | Elf:1    | Identified the ring of Galimuf {rPois MP+9 Int+3} (You
                  | found it on level 1 of the Elven Halls)
 42023 | Elf:1    | Found Geddivarr's Food Shoppe.
 42298 | Elf:1    | Identified Sif Muna's Almanac of Summoning
 42306 | Elf:1    | Learned a level 5 spell: Aura of Abjuration
 42795 | Elf:2    | Identified Roxanne's Guide on Moulding
 42795 | Elf:2    | Noticed Roxanne
 42869 | Elf:2    | Killed Roxanne
 42894 | Elf:2    | Reached skill level 5 in Summonings
 43181 | Elf:2    | Found a runed translucent gate.
 43181 | Elf:2    | Found a runed translucent gate.
 43181 | Elf:2    | Found a runed translucent gate.
 43520 | Elf:2    | Noticed Louise
 43536 | Elf:2    | Killed Louise
 43546 | Elf:2    | Reached XP level 23. HP: 141/165 MP: 7/42
 43718 | Elf:3    | Entered Level 3 of the Elven Halls
 43881 | Elf:3    | Reached skill level 1 in Evocations
 44457 | Elf:3    | Cast into level 3 of the Abyss (deep elf blademaster)
 44479 | Abyss:3  | Found a radiant altar of Vehumet.
 44532 | Abyss:3  | Found a corrupted altar of Lugonu.
 44713 | Abyss:3  | Found a corrupted altar of Lugonu.
 44892 | Elf:3    | Escaped the Abyss
 45036 | Elf:3    | Identified the ring of Owij {rF+ Int+2 Stlth-}
 45175 | Elf:3    | Reached skill level 10 in Summonings
 45204 | Elf:3    | Reached skill level 5 in Evocations
 45265 | Elf:3    | Identified the +8 plate armour of Dice, Bag, and Bottle
                  | {Str+5 Int+4}
 45329 | Elf:3    | Found the +3 hat of Pondering {ponderous, MR+ MP+10 Int+5}
 45331 | Elf:3    | Identified the cursed +1 quarterstaff "Nosim" {freeze,
                  | *Contam rElec rN+}
 45355 | Elf:3    | Got a smoking copper ring
 45398 | Elf:3    | Got a warped steel ring
 45548 | Elf:3    | Identified the ring of the Ancient People {rC- Int+3 Dex+6}
                  | (You found it on level 3 of the Elven Halls)
 45550 | Elf:3    | Identified the ring of Qoez Heha {rC+ MP+9} (You found it
                  | on level 3 of the Elven Halls)
 45595 | Elf:3    | Got a faintly glowing scale mail
 45606 | Elf:3    | Identified the +4 scale mail of a sewer {rPois MR- Dex+3}
                  | (You found it on level 3 of the Elven Halls)
 45655 | Elf:3    | Got a bloodstained quarterstaff
 45656 | Elf:3    | Identified the +2 quarterstaff of War {crush, rPois rC+}
                  | (You found it on level 3 of the Elven Halls)
 46772 | Crypt:1  | Reached XP level 24. HP: 172/172 MP: 27/42
 46816 | Crypt:1  | Found a runed door.
 46923 | Crypt:1  | Noticed an ancient lich
 46928 | Crypt:1  | Killed an ancient lich
 46946 | Crypt:1  | Identified the Handbook of Earthen Flames
 46987 | Crypt:1  | Got a pitted bronze ring
 46995 | Crypt:1  | Identified the ring "Gohipeyj" {+Fly rElec rF+ Int+3 SInv}
                  | (You found it on level 1 of the Crypt)
 47023 | Crypt:1  | Got a warped amethyst amulet
 47055 | Crypt:1  | Identified the amulet "Coucyuv" {RegenMP SInv} (You found
                  | it on level 1 of the Crypt)
 47408 | Crypt:2  | Reached skill level 15 in Earth Magic
 47562 | Crypt:2  | Noticed Khufu
 47565 | Crypt:2  | Noticed a greater mummy
 47575 | Crypt:2  | Killed a greater mummy
 47580 | Crypt:2  | Killed Khufu
 47580 | Crypt:2  | Reached skill level 10 in Evocations
 48279 | Crypt:3  | Entered Level 3 of the Crypt
 48450 | Crypt:3  | Got a bloodstained great mace
 48713 | Crypt:3  | Reached XP level 25. HP: 114/177 MP: 28/42
 48890 | Crypt:3  | Noticed a curse toe
 48893 | Crypt:3  | Killed a curse toe
 49074 | Crypt:3  | Found a staircase to the Tomb.
 49701 | Crypt:3  | Noticed an ancient lich
 49704 | Crypt:3  | Killed an ancient lich
 49816 | Crypt:3  | Got a translucent glass ring
 49819 | Crypt:3  | Identified the +4 great mace of Light {freeze, Int+2} (You
                  | found it on level 3 of the Crypt)
 49847 | Crypt:3  | Identified the cursed ring "Eskoew" {rN+ MR+ Str+2 Slay-5}
                  | (You found it on level 3 of the Crypt)
 49909 | Tomb:1   | Entered Level 1 of the Tomb of the Ancients
 50120 | Tomb:1   | Noticed a greater mummy
 50128 | Tomb:1   | HP: 7/177 [disintegration (73)]
 50130 | Tomb:1   | Blown up by a lich

Levels and vault maps discovered:
D:1:      psy_arrival_whirlpool, layout_loops_ring
D:2:      layout_basic, first_ration
D:3:      layout_rooms, uniq_jessica
D:4:      layout_loops_ring, kennysheep_mini_moat, minmay_goblin_outpost,
          uniq_blork_the_orc, uniq_duvessa, uniq_pikel, uniq_natasha,
          uniq_grinder
D:5:      layout_rooms, nicolae_overflow_hidden_temple, marbit_many_paths
D:6:      layout_basic, minmay_bent
D:7:      layout_layer_cave, xom_teletrap_fun, lemuel_crystal_altar,
          minmay_temple_entry_grid
D:8:      layout_cave_pods, nicolae_gozag_seed_capital,
          nemelex_xobeh_ov_fountains_minmay, hangedman_pestilent_swarm,
          uniq_maurice, uniq_erica, uniq_prince_ribbit1
D:9:      layout_rooms, lemuel_coloured_pillars_altar, serial_shops,
          nicolae_shop_crystal, shop, nicolae_shop_statue_plus, uniq_erolcha
D:10:     layout_long_grid, david_lair_generic
D:11:     layout_roguey, glass_columns_a, hangedman_feature_mirror,
          minivault_16, lemuel_angel_altar
D:12:     layout_rooms, orc_0_dummy, serial_shops, nicolae_shop_stone,
          gauntlet_entry_generic, grunt_ministairs_12, hangedman_misty_isle
D:13:     layout_loops_ring, david_vaults_3, uniq_jorgrun, uniq_josephine,
          uniq_azrael, uniq_snorg
D:14:     layout_long_grid, hangedman_abyss_or_decor_jellyfish_corner
D:15:     gammafunk_enter_depths_forms, layout_basic,
          lemuel_mausoleum_altar_yredelemnul, minivault_4, minmay_diced_spiral
Temple:   nicolae_temple_great_sept
Lair:1:   layout_hall_layers, serial_bayou_shore_b, grunt_megastairs_4,
          lemuel_fruit_fields
Lair:2:   layout_roguey, infiniplex_staircase_pool_2
Lair:3:   layout_regular_city, skrybe_swamp_entry_bodies, ebering_ghost_xom,
          uniq_fannar
Lair:4:   layout_regular_city, spider_nest_entry_funnel_web
Lair:5:   layout_long_grid, beast_lair_carwin_3, grunt_megastairs_5,
          serial_bayou_shore_a, infiniplex_staircase_pool, serial_bayou_shore_b
Lair:6:   hangedman_lair_in_review, layout_regular_city, wormcave,
          slime_altar_1, ebering_ghost_inner_flame, minivault_11,
          fungi_pond_lemuel, chequers_serial_rivers_room_b, kennysheep_rathole
Swamp:1:  layout_basic_swamp, evilmike_swamp_ruin_house_5, swamp_pool5
Swamp:2:  layout_basic_swamp, evilmike_swamp_ruin_house_1, swamp_pool3
Swamp:3:  layout_basic_swamp, nicolae_swamp_fairy_circle, swamp_pool1
Swamp:4:  swamp, layout_basic_swamp
Spider:1: layout_spider_delve, uniq_kirke, uniq_asterion
Spider:2: layout_spider_delve
Spider:3: layout_spider_delve, spiders_nest_the_unseen
Spider:4: floodkiller_spider_rune_tomb
Orc:1:    layout_diamond_mine, elves_outpost_lemuel, uniq_nergalle
Orc:2:    st_orc_mages, layout_caves
Elf:1:    layout_gridlike, serial_shops, nicolae_shop_behind_doors,
          minmay_elf_demonology, einodemon_armed_red_devil_minivault,
          hangedman_decor_cross_pass
Elf:2:    layout_gridlike, uniq_roxanne, uniq_louise
Elf:3:    elf_hall, layout_geoelf_octagon
Vaults:1: hangedman_vaults_slither, st_lattice, hangedman_vaults_impose,
          v_misc_1, vaults_room_semicircle, hangedman_vaults_trim,
          ontoclasm_vaults_twist, vaults_standard_mumra_enter_the_diamond,
          v_misc_19, v_misc_33, vaults_room_door_hall,
          nicolae_vaults_ring_of_whatevers, vaults_dpeg_ring,
          vaults_room_door_ring, layout_vaults_omnibox
Vaults:2: v_misc_9, nicolae_vaults_rhombus_6, grunt_vaults_bifocal,
          hangedman_vaults_capsules, vaults_room_grunt_arrival_checkpoint,
          minmay_crypt_entry_necro_gods, vaults_dpeg_hooks,
          ontoclasm_vaults_gateway, nicolae_vaults_little_squares_6,
          nicolae_vaults_alarming, layout_vaults_big_room, serial_shops, shop,
          nicolae_shop_statue_plus, shop_statue, uniq_xtahua, uniq_saint_roka
Vaults:3: v_misc_10, nicolae_vaults_little_squares_2,
          nicolae_vaults_network_barrier, nicolae_vaults_holding_cells,
          v_pattern_2, ontoclasm_vaults_spin, layout_vaults_omnigrid,
          nicolae_trove_entry_columns, serial_shops, bzr_entry_road
Vaults:4: nicolae_vaults_network_square, ontoclasm_vaults_eye, v_misc_23,
          nicolae_vaults_c_with_doors, hangedman_vaults_maws,
          nicolae_vaults_network_s, hangedman_vaults_stitches,
          grunt_vaults_focal, ontoclasm_vaults_ring_small,
          layout_vaults_omnicross, basic_altar, serial_shops,
          nicolae_shop_stone, uniq_margery, uniq_sojobo
Crypt:1:  evilmike_wizard_prison, layout_chaotic_city, grunt_crypt_arrival_split
Crypt:2:  hangedman_screamer, layout_misc_corridors, minicrypt_bobbens,
          uniq_khufu
Crypt:3:  due_elkab, layout_chaotic_city
Tomb:1:   uniq_boris

Skill      XL: |  1  2  3  4  5  6  7  8  9 10 11 12 13 14 15 16 17 18 19 20 21 22 23 24 25 |
---------------+----------------------------------------------------------------------------+-----
Conjurations   | 1 2 3 4 5 6 |  6.0
Fire Magic     | 3 5 |  5.1
Air Magic      | 2 4 5 |  5.0
Spellcasting   | 7 11 12 15 | 15.6
Fighting       | 1 4 6 9 10 | 10.0
Armour         | 1 4 6 9 10 | 10.0
Dodging        | 2 4 5 7 8 |  8.0
Necromancy     | 1 6 9 11 12 14 16 18 19 | 19.0
Charms         | 4 5 6 |  6.1
Shields        | 9 |  9.2
Ice Magic      | 2 6 |  6.0
Earth Magic    | 8 11 12 13 17 19 | 19.5
Transmutations | 5 12 16 18 19 | 19.0
Summonings     | 8 10 | 10.0
Evocations     | 6 10 | 10.2
Stealth        | |  2.4
Translocations | |  0.8

Action                   |  1- 3 |  4- 6 |  7- 9 | 10-12 | 13-15 | 16-18 | 19-21 | 22-24 | 25-27 || total
-------------------------+-------+-------+-------+-------+-------+-------+-------+-------+-------++-------
Melee: Unarmed           |     1 |       |       |       |       |       |       |       |       ||     1
       Spear             |    61 |   126 |   305 |   388 |   185 |       |       |       |       ||  1065
       Short sword       |       |       |       |   188 |   776 |       |       |       |       ||   964
       Scimitar          |       |       |       |       |    40 |  1097 |   847 |   802 |   103 ||  2889
 Fire: Shortbow          |       |       |       |       |       |       |     1 |       |       ||     1
 Cast: Magic Dart        |    25 |    79 |    42 |   100 |    88 |       |       |       |       ||   334
       Conjure Flame     |       |     5 |    14 |    69 |   146 |    70 |    34 |     9 |     9 ||   356
       Mephitic Cloud    |       |     7 |    13 |    56 |    95 |   124 |    74 |     3 |       ||   372
       Regeneration      |       |       |       |     8 |    35 |    61 |    45 |    23 |     2 ||   174
       Bolt of Draining  |       |       |       |     2 |    43 |    91 |   273 |    62 |       ||   471
       Sublimation of Bl |       |       |       |     1 |    31 |    58 |    96 |    47 |       ||   233
       Dispel Undead     |       |       |       |       |    25 |    50 |    31 |    41 |    17 ||   164
       Ozocubu's Armour  |       |       |       |       |     2 |    17 |    30 |    12 |     1 ||    62
       Bolt of Magma     |       |       |       |       |       |    14 |    29 |    28 |     2 ||    73
       Necromutation     |       |       |       |       |       |       |     1 |    28 |    13 ||    42
       Borgnjor's Vile C |       |       |       |       |       |       |       |   235 |    43 ||   278
       Aura of Abjuratio |       |       |       |       |       |       |       |     3 |     1 ||     4
Invok: Receive Necronomi |       |       |       |       |     1 |       |       |       |       ||     1
       Renounce Religion |       |       |       |       |     1 |       |       |       |       ||     1
       Potion Petition   |       |       |       |       |       |     4 |     3 |     1 |       ||     8
       Call Merchant     |       |       |       |       |       |       |     1 |       |       ||     1
 Abil: Dig               |       |     8 |    15 |    26 |    53 |    15 |    10 |    25 |       ||   152
       Shaft Self        |       |       |       |       |     1 |       |       |       |       ||     1
       End Transformatio |       |       |       |       |       |       |     1 |     2 |     2 ||     5
Evoke: Wand              |       |       |       |     9 |       |    11 |     8 |     3 |       ||    31
       Fan of gales      |       |       |       |       |       |     1 |     2 |       |       ||     3
       Lightning rod     |       |       |       |       |       |       |     4 |       |       ||     4
       Staff of energy   |       |       |       |       |       |       |       |    18 |       ||    18
       Phial of floods   |       |       |       |       |       |       |       |     1 |       ||     1
  Use: Scroll            |       |     8 |     3 |    14 |    10 |     4 |    24 |     5 |     1 ||    69
       Potion            |       |       |       |     3 |     1 |     6 |     2 |     3 |       ||    15
 Stab: Sleeping          |     5 |     4 |     1 |     1 |       |     2 |     2 |     3 |     1 ||    19
       Confused          |       |     1 |     7 |    14 |    23 |    63 |    24 |     1 |       ||   133
       Distracted        |       |       |       |       |     1 |     7 |     6 |     5 |     2 ||    21
       Paralysed         |       |       |       |       |     1 |       |       |       |       ||     1
       Invisible         |       |       |       |       |       |     1 |       |       |       ||     1
  Eat: Chunk             |     1 |     9 |    12 |    21 |    23 |       |       |       |       ||    66
       Ration            |       |       |     1 |     1 |    10 |    13 |    13 |     8 |       ||    46
Armor: Robe              |    12 |    27 |    38 |    20 |       |       |       |       |       ||    97
       Chain mail        |       |       |    74 |     2 |       |       |       |       |       ||    76
       Troll leather arm |       |       |       |   151 |   329 |   546 |   361 |   472 |    88 ||  1947
Dodge: Dodged            |    30 |    51 |   139 |   255 |   531 |  1612 |   956 |   872 |   126 ||  4572
Block: Shield            |       |       |       |    57 |   606 |  1313 |   883 |   725 |   101 ||  3685
       Rpst.: Scimitar   |       |       |       |       |    20 |   342 |   210 |   189 |    28 ||   789
